 Dungeon Crawl Stone Soup version 0.27.1-2-g3b301248ec (webtiles) character file.

Game seed: 6781746487182193442

124 loralnil the Insei (level 5, 0/40 HPs)
             Began as a Gnoll Transmuter on Sept 24, 2021.
             Slain by an orc (3 damage)
             ... on level 3 of the Dungeon.
             The game lasted 00:05:45 (2796 turns).

loralnil the Insei (Gnoll Transmuter)               Turns: 2796, Time: 00:05:46

Health: 0/40       AC:  3    Str: 15    XL:     5   Next: 8%
Magic:  9/12       EV: 14    Int: 12    God:
Gold:   151        SH:  5    Dex: 14    Spells: 8/14 levels left

rFire    . . .     SeeInvis .     - Unarmed
rCold    . . .     Faith    .   (no shield)
rNeg     . . .     Spirit   .   a - +0 robe
rPois    .         Reflect  +   (helmet currently unavailable)
rElec    .         Harm     .   (no cloak)
rCorr    .         Rampage  .   c - +0 pair of gloves
Will     .....                  (boots currently unavailable)
Stlth    ++........             g - amulet of reflection
HPRegen  0.13/turn              b - +6 ring of strength
MPRegen  0.13/turn              (no ring)

@: appendages (expiring)
A: horns 2, talons 2, fangs 1, strong nose, distributed training
a: End Transformation


You were on level 3 of the Dungeon.
You had temporarily grown beastly horns and talons.
You visited 1 branch of the dungeon, and saw 4 of its levels.

You collected 151 gold pieces.

Inventory:

Armour
 a - a +0 robe (worn)
 c - a +0 pair of gloves (worn)
 m - a +0 helmet (melded)
Jewellery
 b - a +6 ring of strength (left hand)
 g - an amulet of reflection (around neck)
 h - an amulet of magic regeneration
Scrolls
 k - a scroll of teleportation
 n - a scroll of torment {unknown}
Potions
 d - 2 potions of haste
 f - a potion of cancellation
 i - a potion of flight
 j - a potion of might {unknown}
 l - a potion of heal wounds {unknown}
 o - a potion of degeneration {unknown}


   Skills:
 + Level 2.9 Fighting
 + Level 1.3 Short Blades
 + Level 1.3 Long Blades
 + Level 1.3 Axes
 + Level 1.3 Maces & Flails
 + Level 1.3 Polearms
 + Level 1.3 Staves
 + Level 1.3 Slings
 + Level 1.3 Bows
 + Level 1.3 Crossbows
 + Level 1.3 Throwing
 + Level 1.3 Armour
 + Level 4.7 Dodging
 + Level 1.3 Stealth
 + Level 1.3 Shields
 + Level 6.6 Unarmed Combat
 + Level 5.1 Spellcasting
 + Level 1.1 Conjurations
 + Level 1.1 Hexes
 + Level 1.1 Summonings
 + Level 1.1 Necromancy
 + Level 1.1 Translocations
 + Level 3.9 Transmutations
 + Level 1.1 Fire Magic
 + Level 1.1 Ice Magic
 + Level 1.1 Air Magic
 + Level 1.1 Earth Magic
 + Level 1.1 Poison Magic
 + Level 1.5 Invocations
 + Level 1.3 Evocations


You had 8 spell levels left.
You knew the following spells:

 Your Spells              Type           Power      Damage    Failure   Level
a - Beastly Appendage     Tmut           24%        N/A       4%          1
b - Wereblood             Tmut           12%        N/A       6%          2
c - Spider Form           Tmut/Pois      4%         N/A       22%         3

Your spell library contained the following spells:

 Spells                   Type           Power      Damage    Failure   Level
 Magic Dart               Conj           20%        1d4       13%         1
 Call Imp                 Summ           5%         N/A       19%         2
 Mephitic Cloud           Conj/Pois/Air  5%         N/A       36%         3
 Ice Form                 Ice/Tmut       9%         N/A       56%         4


Dungeon Overview and Level Annotations

Branches:
Dungeon (4/15)
 Temple: D:4-7

Altars:
Gozag
Makhleb
Nemelex Xobeh
Zin

Annotations:
D:3 2 transporters, zurenarrh's ghost, amateur OgBe


Innate Abilities, Weirdness & Mutations

You have temporarily grown beastly horns and talons.
You have very sharp teeth.
Your uncanny sense of smell can sniff out nearby items.
Your experience applies equally to all skills.


Message History

The orc barely misses you.
You see here a +0 hand axe.
The orc wizard mumbles some strange words.
The orc wizard flickers and vanishes!
Deactivating autopickup; reactivate with Ctrl-A.
The orc hits you with a +0 hand axe. Something hits you but does no damage.
You miss something. Your kick misses something. You headbutt something.
You closely miss something. Your bite misses something. Something hits you.
You barely miss something. You claw something. Your bite misses something.
Something barely misses you.
You closely miss something. Your headbutt misses something.
Your bite misses something.
Your transformation is almost over.
You hear some strange, mumbled words.
Something tries to affect you, but you resist.
You barely miss something. Something hits you.
* * * LOW HITPOINT WARNING * * *
You miss something. You claw something. Your headbutt misses something.
You bite something. You block something's attack.
Your magical contamination has completely faded away.
You punch something! You claw something. Something hits you.
* * * LOW HITPOINT WARNING * * *
You feel better.
You hear some strange, mumbled words.
A puff of flame appears from out of thin air!
The puff of flame hits you!
* * * LOW HITPOINT WARNING * * *
You hit something but do no damage. Something barely misses you.
Okay, then.
You miss something. Your kick misses something. You headbutt something.
Reactivating autopickup.
You feel a bit more experienced.
You have reached level 5!
You completely miss the orc. You headbutt the orc.
The orc is severely wounded.
You barely miss the orc. Your kick misses the orc.
The orc is severely wounded.
The orc hits you with a +0 hand axe.
You die...

#......P...)...P..
#......P.PPPPP.P..
#..<...........(..
#.#'##.#..###.....
#.#.......# #<#'##
#.######..#####.#
#.##............#
#.##.#############
#@##..............
#o###.......######
#>..'.......'...##
##.##.......###..#
#.########## ##.#
#.###############
#..[.............
#.#...#...#...#..
#..........†.....


You could see an orc.

Vanquished Creatures
  An orc wizard (D:3)
  2 adders
  A worm (D:3)
  A dart slug (D:2)
  2 orcs (D:3)
  8 bats
  5 endoplasms
  2 giant cockroaches (D:2)
  11 goblins
  8 hobgoblins
  10 kobolds
  4 quokkas
  2 ball pythons
  6 frilled lizards
  6 rats
69 creatures vanquished.

Notes
Turn   | Place    | Note
-------+----------+-------------------------------------------
     0 | D:1      | loralnil the Gnoll Transmuter began the quest for the Orb.
     0 | D:1      | Reached XP level 1. HP: 17/17 MP: 6/6
   135 | D:1      | Reached XP level 2. HP: 11/23 MP: 7/7
   303 | D:1      | Learned a level 2 spell: Wereblood
   357 | D:1      | You fall into a shaft and drop 1 floor!
   391 | D:2      | Found a faded altar of an unknown god.
   561 | D:1      | Reached XP level 3. HP: 16/28 MP: 9/9
   565 | D:1      | Learned a level 3 spell: Spider Form
   755 | D:1      | Reached skill level 5 in Spellcasting
  1214 | D:1      | Reached skill level 1 in Invocations
  1563 | D:2      | Reached skill level 1 in Short Blades
  1563 | D:2      | Reached skill level 1 in Long Blades
  1563 | D:2      | Reached skill level 1 in Axes
  1563 | D:2      | Reached skill level 1 in Maces & Flails
  1563 | D:2      | Reached skill level 1 in Polearms
  1563 | D:2      | Reached skill level 1 in Staves
  1563 | D:2      | Reached skill level 1 in Slings
  1563 | D:2      | Reached skill level 1 in Bows
  1563 | D:2      | Reached skill level 1 in Crossbows
  1563 | D:2      | Reached skill level 1 in Throwing
  1563 | D:2      | Reached skill level 1 in Armour
  1563 | D:2      | Reached skill level 1 in Stealth
  1563 | D:2      | Reached skill level 1 in Shields
  1563 | D:2      | Reached skill level 1 in Evocations
  1602 | D:2      | Reached XP level 4. HP: 28/34 MP: 11/11
  2034 | D:3      | Found a burning altar of Makhleb.
  2077 | D:3      | Found a sparkling altar of Nemelex Xobeh.
  2127 | D:3      | Found a transporter.
  2127 | D:3      | Noticed zurenarrh's ghost (amateur OgBe)
  2155 | D:3      | Reached skill level 1 in Conjurations
  2155 | D:3      | Reached skill level 1 in Hexes
  2155 | D:3      | Reached skill level 1 in Summonings
  2155 | D:3      | Reached skill level 1 in Necromancy
  2155 | D:3      | Reached skill level 1 in Translocations
  2155 | D:3      | Reached skill level 1 in Fire Magic
  2155 | D:3      | Reached skill level 1 in Ice Magic
  2155 | D:3      | Reached skill level 1 in Air Magic
  2155 | D:3      | Reached skill level 1 in Earth Magic
  2155 | D:3      | Reached skill level 1 in Poison Magic
  2324 | D:3      | Found an opulent altar of Gozag.
  2447 | D:3      | Found a transporter.
  2616 | D:3      | Found a glowing silver altar of Zin.
  2795 | D:3      | Reached XP level 5. HP: 3/40 MP: 9/12
  2796 | D:3      | Slain by an orc

Illustrated notes

Levels and vault maps discovered:
D:1:      lightli_arrival_quake, layout_basic
D:2:      cheibrodos_greedy_goblins, layout_basic,
          chequers_ecumenical_altar_grove, minivault_23
D:3:      layout_basic, lemuel_coloured_pillars_altar,
          mainiacjoe_overflow_cross_hatched, lemuel_round_altar,
          grunt_gozag_statues, gammafunk_ghost_mausoleum,
          kennysheep_nondescript, kennysheep_generic_room_15
D:4:      layout_basic, mainiacjoe_overflow_paths, tgw_sif,
          nicolae_shop_sticking_my_neck_out

Skill      XL: |  1  2  3  4 |
---------------+-------------+-----
Spellcasting   | 5 |  5.1
Invocations    | 1 |  1.5
Short Blades   | 1 |  1.3
Long Blades    | 1 |  1.3
Axes           | 1 |  1.3
Maces & Flails | 1 |  1.3
Polearms       | 1 |  1.3
Staves         | 1 |  1.3
Slings         | 1 |  1.3
Bows           | 1 |  1.3
Crossbows      | 1 |  1.3
Throwing       | 1 |  1.3
Armour         | 1 |  1.3
Stealth        | 1 |  1.3
Shields        | 1 |  1.3
Evocations     | 1 |  1.3
Conjurations   | 1 |  1.1
Hexes          | 1 |  1.1
Summonings     | 1 |  1.1
Necromancy     | 1 |  1.1
Translocations | 1 |  1.1
Fire Magic     | 1 |  1.1
Ice Magic      | 1 |  1.1
Air Magic      | 1 |  1.1
Earth Magic    | 1 |  1.1
Poison Magic   | 1 |  1.1
Fighting       | |  2.9
Dodging        | |  4.7
Unarmed Combat | |  6.6
Transmutations | |  3.9

Action                   |  1- 3 |  4- 6 || total
-------------------------+-------+-------++-------
Melee: Unarmed           |    92 |    63 ||   155
       Kick              |    14 |    17 ||    31
       Punch             |     1 |       ||     1
       Headbutt          |    12 |    10 ||    22
       Bite              |     4 |     2 ||     6
 Cast: Beastly Appendage |    27 |    13 ||    40
  Use: Scroll            |     2 |     4 ||     6
       Potion            |       |     1 ||     1
 Stab: Sleeping          |     2 |       ||     2
Armor: Robe              |    23 |    10 ||    33
Dodge: Dodged            |    48 |    29 ||    77
Block: Other             |     3 |    10 ||    13
       Reflection        |     1 |       ||     1
